Map: Ley Lines

Players

campeon

  • Race: Terran Terran
  • League: Master
  • Spawn Location: 1:00

GangusKaun - Winner!

  • Race: Protoss Protoss
  • League: Gold
  • Spawn Location: 7:00

VOD

Have the link to the VOD?

Description

Time

  • Played on: Dec. 1, 2024, 8:42 p.m.
  • Length: 13:06
Show
View Real Time Build Order
Export as new Build Order

campeon Terran 

Build Orders: 1/1/1, Liberator Opening 

Get SALT Encoding   

  12  0:00  SCV  
  13  0:13  SCV  
  14  0:20  Supply Depot  
  14  0:25  SCV  
  15  0:33  Refinery  
  15  0:41  SCV  
  16  0:49  Barracks  
  16  0:53  SCV  
  17  1:05  SCV  
  18  1:17  SCV  
  19  1:30  SCV  
  20  1:38  Marine  
  20  1:39  Factory  
  21  1:53  Command Center  
  21  1:57  SCV  
  22  2:09  Orbital Command  
  22  2:24  Starport  
  22  2:28  Barracks Tech Lab  
  22  2:38  SCV  
  23  2:54  Supply Depot  
  23  2:57  Supply Depot  
  23  3:05  Marine, SCV  
  25  3:11  Liberator  
  28  3:18  Barracks  
  28  3:19  SCV  
  29  3:20  Barracks  
  29  3:22  Marine  
  30  3:31  SCV  
  31  3:40  Marine  
  32  3:48  Hellion  
  32  3:58  Marine  
  33  4:11  Barracks Reactor x2  
  33  4:13  SCV  
  34  4:25  SCV  
  34  4:27  SCV  
  36  4:37  SCV  
  37  4:39  SCV  
  37  4:41  Marine  
  39  4:46  Factory Tech Lab  
  39  4:47  Starport Reactor  
  39  4:49  SCV  
  40  4:55  Marine x2  
  40  4:58  Marine  
  40  4:59  Orbital Command  
  40  5:03  Marine x2  
  42  5:13  Marine x2, Refinery  
  44  5:16  Marine  
  44  5:21  Marine  
  45  5:23  Marine  
  47  5:30  Refinery  
  47  5:31  Marine x2  
  47  5:32  SCV  
  47  5:33  Refinery  
  47  5:34  Marine  
  51  5:36  SCV  
  51  5:39  Marine  
  51  5:41  Marine  
  54  6:02  Supply Depot  
  54  6:03  Supply Depot  
  54  6:11  Engineering Bay  
  54  6:14  Engineering Bay  
  54  6:23  Marine x5, SCV, Medivac  
  54  6:25  SCV, Supply Depot  
  63  6:27  Supply Depot  
  63  6:35  SCV  
  63  6:37  SCV, Barracks  
  65  6:41  Marine x5  
  65  6:46  Siege Tank  
  73  6:48  SCV, Terran Infantry Weapons Level 1  
  73  6:49  SCV  
  75  6:59  Marine  
  75  7:00  SCV  
  77  7:01  SCV  
  77  7:02  Medivac  
  77  7:04  Marine x4  
  77  7:08  Supply Depot  
  84  7:12  SCV  
  84  7:13  SCV, Supply Depot  
  86  7:17  Terran Infantry Armor Level 1  
  86  7:23  Armory  
  86  7:25  Armory  
  86  7:27  Barracks Reactor  
  86  7:29  Marine x2, Siege Tank  
  91  7:30  Marine  
  91  7:31  Marine x2  
  91  7:36  Medivac  
  96  7:47  Marine x2  
  96  7:48  Marine x2  
  99  7:52  Marine  
  99  7:57  Medivac  
  102  8:05  Marine x2  
  102  8:13  Marine  
  102  8:14  Medivac  
  102  8:15  Marine  
  102  8:23  Marine  
  102  8:33  Supply Depot, Terran Vehicle Weapons Level 1  
  102  8:44  Factory  
  102  8:54  Marine x7, SCV  
  110  8:58  Command Center  
  110  9:07  Stimpack  
  110  9:14  Terran Infantry Weapons Level 2  
  110  9:20  Terran Infantry Armor Level 2  
  110  9:25  Supply Depot  
  110  9:29  Supply Depot  
  110  9:30  Marine  
  110  9:47  Marine x4, SCV, Siege Tank  
  110  9:50  Marine x3  
  109  10:05  Marine x4  
  109  10:06  SCV  
  95  10:08  Marine x2  
  76  10:18  SCV, Planetary Fortress  
  76  10:19  Siege Tank  
  76  10:20  SCV  
  79  10:22  Factory Tech Lab  
  79  10:23  Marine x2  
  81  10:28  Factory  
  81  10:32  SCV  
  82  10:37  SCV  
  82  10:40  Terran Vehicle And Ship Armor Level 1  
  83  10:44  SCV  
  83  10:46  Missile Turret  
  83  10:47  Combat Shield  
  84  10:51  Siege Tank  
  84  10:54  Marine  
  84  10:56  SCV  
  84  10:57  Marine  
  89  10:58  Missile Turret x2  
  90  11:07  Marine  
  91  11:12  Medivac  
  93  11:21  SCV  
  93  11:23  Siege Tank  
  93  11:24  Supply Depot  
  97  11:27  Supply Depot  
  97  11:30  Supply Depot  
  97  11:32  Marine x3  
  98  11:33  Marine  
  98  11:36  Factory Tech Lab  
  33  12:10  Siege Tank  
  33  12:11  Siege Tank, Marine x2  
  39  12:21  Marine x2  
  41  12:41  Marine x4  
Show
View Real Time Build Order
Export as new Build Order

GangusKaun Protoss - Winner!

Build Orders: 1 Gate Expand 

Get SALT Encoding   

  12  0:05  Probe  
  13  0:17  Pylon, Probe  
  14  0:29  Probe  
  15  0:41  Gateway, Probe  
  16  0:52  Assimilator  
  16  0:53  Probe  
  17  1:06  Probe  
  18  1:15  Probe  
  19  1:23  Probe  
  19  1:30  Cybernetics Core  
  19  1:32  Probe  
  21  1:42  Nexus  
  21  1:49  Pylon  
  21  1:51  Probe  
  22  1:57  Assimilator  
  22  1:58  Adept  
  22  2:00  Warp Gate  
  22  2:03  Probe  
  25  2:23  Probe  
  25  2:25  Stalker  
  29  2:37  Probe  
  29  2:47  Pylon  
  29  2:49  Probe  
  30  2:57  Probe  
  30  3:03  Probe  
  30  3:05  Probe  
  32  3:10  Shield Battery  
  32  3:12  Shield Battery  
  33  3:14  Probe  
  33  3:15  Robotics Facility, Probe  
  35  3:21  Sentry  
  37  3:27  Probe  
  37  3:30  Probe  
  38  4:15  Probe x2  
  38  4:16  Immortal  
  38  4:26  Assimilator  
  38  4:27  Probe x2  
  44  4:34  Pylon  
  44  4:36  Stalker  
  43  4:54  Immortal  
  43  4:59  Stalker  
  49  5:12  Forge  
  49  5:15  Twilight Council  
  49  5:22  Gateway  
  49  5:23  Gateway  
  49  5:29  Shield Battery  
  49  5:30  Gateway x2, Probe x2  
  49  5:35  Shield Battery, Gateway  
  51  5:39  Shield Battery, Pylon x2  
  51  5:40  Protoss Ground Weapons Level 1  
  51  5:45  Pylon  
  51  5:46  Robotics Bay  
  51  5:48  Probe x2  
  53  5:53  Observer  
  53  5:54  Pylon  
  54  5:58  Blink  
  54  6:20  Immortal  
  54  6:25  Stalker x4  
  66  6:29  Probe  
  67  6:32  Assimilator  
  67  6:53  Colossus  
  67  6:56  Stalker x2  
  67  6:57  Stalker x3  
  83  7:08  Probe  
  83  7:09  Probe  
  85  7:21  Gateway  
  85  7:23  Probe x2  
  85  7:25  Photon Cannon  
  87  7:31  Pylon  
  87  7:35  Probe  
  87  7:36  Photon Cannon  
  88  7:39  Observer  
  85  8:20  Colossus  
  85  8:39  Stalker x5  
  101  8:46  Pylon  
  101  8:47  Pylon  
  101  8:49  Gateway  
  101  8:52  Robotics Facility  
  101  8:53  Probe  
  102  9:04  Probe  
  102  9:08  Colossus  
  109  9:20  Stalker x4  
  117  9:37  Probe  
  118  9:51  Nexus  
  118  9:52  Pylon  
  118  9:56  Pylon  
  118  9:59  Pylon  
  118  10:00  Pylon  
  118  10:01  Probe  
  89  10:28  Stalker x5  
  91  10:29  Stalker x2  
  91  10:30  Colossus  
  91  10:35  Probe x2  
  111  10:47  Probe x2  
  113  10:51  Sentry x2  
  113  10:52  Assimilator, Sentry x2  
  113  10:55  Assimilator  
  121  11:11  Probe x2  
  121  11:16  Immortal  
  127  11:24  Shield Battery, Observer  
  128  11:27  Shield Battery  
  128  11:29  Shield Battery  
  128  11:37  Probe x2  
  130  11:51  Pylon  
  98  12:09  Stalker x7  
  112  12:22  Pylon  
  108  12:49  Zealot  
  108  12:50  Zealot x6  
Tags
 
Add a new tag
Caveats
  • Supply blocks, unpowered buildings, or Contaminate may cause inaccurate times.
  • Supply counts are checked every 10 seconds.